| TOP OF THE 1ST |
|
Baltimore Orioles batting - Pitching for Milwaukee Brewers : LHP Tom Underwood
|
|
Pitching: LHP Tom Underwood
|
|
|
Batting: SHB Willie McGee
|
0-0: Ball 1-0: Fly out, F9 (Line Drive, 9D, EV 85.6 MPH)
|
|
Batting: SHB Johnny Ray
|
0-0: Ball 1-0: Ball 2-0: Ball 3-0: Fly out, F1 (Line Drive, P, EV 65.0 MPH)
|
|
Batting: SHB Steve R Ontiveros
|
0-0: Ball 1-0: Called Strike 1-1: Called Strike 1-2: Ball 2-2: Ball 3-2: Ground out 5-3 (Groundball, 56, EV 90.0 MPH)
|
| Top of the 1st over - 0 runs, 0 hits, 0 errors, 0 left on base; Baltimore 0 - Milwaukee 0 |
| BOTTOM OF THE 1ST |
|
Milwaukee Brewers batting - Pitching for Baltimore Orioles : RHP Kyle Monroe
|
|
Pitching: RHP Kyle Monroe
|
|
|
Batting: LHB Von Hayes
|
0-0: Ball 1-0: Called Strike 1-1: Ball 2-1: Ground out 4-3 (Groundball, 4, EV 86.9 MPH)
|
|
Batting: SHB Eddie Murray
|
0-0: Called Strike 0-1: Ball 1-1: Foul Ball, location: 2F 1-2: Foul Ball, location: 2F 1-2: Strikes out swinging
|
|
Batting: RHB Eric Davis
|
0-0: Ball 1-0: Ball 2-0: Ball 3-0: Base on Balls
|
|
Batting: RHB Mike Schmidt
|
0-0: Ball Eric Davis is caught stealing 2nd base 2-4
|
| Bottom of the 1st over - 0 runs, 0 hits, 0 errors, 0 left on base; Baltimore 0 - Milwaukee 0 |
| TOP OF THE 2ND |
|
Baltimore Orioles batting - Pitching for Milwaukee Brewers : LHP Tom Underwood
|
|
Batting: RHB Dwight Evans
|
0-0: Called Strike 0-1: Ball 1-1: Called Strike 1-2: Strikes out looking
|
|
Batting: SHB Mike Hart
|
0-0: Ball 1-0: Fly out, F8 (Flyball, 89XD, EV 108.1 MPH)
|
|
Batting: RHB Matt Rice
|
0-0: Ball 1-0: Ball 2-0: SINGLE (Line Drive, 7S, EV 98.8 MPH)
|
|
Batting: RHB Mark Brouhard
|
0-0: Fly out, F9 (Flyball, 9, EV 83.8 MPH)
|
| Top of the 2nd over - 0 runs, 1 hit, 0 errors, 1 left on base; Baltimore 0 - Milwaukee 0 |
| BOTTOM OF THE 2ND |
|
Milwaukee Brewers batting - Pitching for Baltimore Orioles : RHP Kyle Monroe
|
|
Batting: RHB Mike Schmidt
|
0-0: Called Strike 0-1: Swinging Strike 0-2: Foul Ball, location: 2F 0-2: Ball 1-2: Ball 2-2: Foul Ball, location: 2F 2-2: Ground out 6-3 (Groundball, 6, EV 78.8 MPH)
|
|
Batting: LHB Al Oliver
|
0-0: Fly out, F7 (Flyball, 78M, EV 93.1 MPH)
|
|
Batting: RHB Steve Sax
|
0-0: Hit by Pitch
|
|
Batting: RHB Kevin Buckley
|
0-0: Called Strike 0-1: Ball 1-1: Ball 2-1: Swinging Strike 2-2: Foul Ball, location: 2F 2-2: Strikes out swinging
|
| Bottom of the 2nd over - 0 runs, 0 hits, 0 errors, 1 left on base; Baltimore 0 - Milwaukee 0 |
| TOP OF THE 3RD |
|
Baltimore Orioles batting - Pitching for Milwaukee Brewers : LHP Tom Underwood
|
|
Batting: RHB Dennis Werth
|
0-0: Reached on error, E6 (Groundball, 6, EV 83.8 MPH)
|
|
Batting: RHB Marty G Barrett
|
0-0: Grounds into double play, 4-6-3 (Groundball, 34, EV 89.4 MPH)
|
|
Batting: SHB Willie McGee
|
0-0: Ball 1-0: Called Strike 1-1: Ground out 6-3 (Groundball, 6MS, EV 70.0 MPH)
|
| Top of the 3rd over - 0 runs, 0 hits, 1 error, 0 left on base; Baltimore 0 - Milwaukee 0 |
| BOTTOM OF THE 3RD |
|
Milwaukee Brewers batting - Pitching for Baltimore Orioles : RHP Kyle Monroe
|
|
Batting: RHB Ken Landreaux
|
0-0: Ball 1-0: Called Strike 1-1: Ball 2-1: Foul Ball, location: 2F 2-2: Ball 3-2: Base on Balls
|
|
Batting: SHB Alfredo Griffin
|
0-0: Foul Ball, location: 2F 0-1: Ball 1-1: SINGLE (Line Drive, 89S, EV 108.8 MPH) Ken Landreaux to second
|
|
Batting: LHB Von Hayes
|
0-0: Ball 1-0: Fly out, F3 (Line Drive, 4, EV 67.5 MPH)
|
|
Batting: SHB Eddie Murray
|
0-0: Ball 1-0: Swinging Strike 1-1: 3-RUN HOME RUN (Flyball, 78XD, EV 104.4 MPH), Distance : 419 ft
|
|
Batting: RHB Eric Davis
|
0-0: Foul Ball, location: 2F 0-1: Ball 1-1: Ball 2-1: Foul Ball, location: 2F 2-2: Fly out, F4 (Popup, 4S, EV 72.5 MPH)
|
|
Batting: RHB Mike Schmidt
|
0-0: Ball 1-0: Ground out 6-3 (Groundball, 6, EV 91.9 MPH)
|
| Bottom of the 3rd over - 3 runs, 2 hits, 0 errors, 0 left on base; Baltimore 0 - Milwaukee 3 |
| TOP OF THE 4TH |
|
Baltimore Orioles batting - Pitching for Milwaukee Brewers : LHP Tom Underwood
|
|
Batting: SHB Johnny Ray
|
0-0: Called Strike 0-1: Called Strike 0-2: Ball 1-2: Foul Ball, location: 2F 1-2: Ball 2-2: SINGLE (Flyball, 4D, EV 86.9 MPH)
|
|
Batting: SHB Steve R Ontiveros
|
0-0: Called Strike 0-1: Called Strike 0-2: Ball 1-2: Ball 2-2: Foul Ball, location: 2F 2-2: Foul Ball, location: 2F 2-2: Foul Ball, location: 2F 2-2: Ball 3-2: Base on Balls Johnny Ray to second
|
|
Batting: RHB Dwight Evans
|
0-0: Grounds into double play, 3-6-3 (Groundball, 34, EV 80.0 MPH) Johnny Ray to third
|
|
Batting: SHB Mike Hart
|
0-0: Called Strike 0-1: SINGLE (Line Drive, 7S, EV 107.5 MPH) Johnny Ray scores
|
|
Batting: RHB Matt Rice
|
0-0: Ball 1-0: Called Strike 1-1: Called Strike 1-2: Ball 2-2: Foul Ball, location: 2F 2-2: Ball 3-2: Base on Balls Mike Hart to second
|
|
Batting: RHB Mark Brouhard
|
0-0: Ball 1-0: Fielders Choice at 2nd, 6-4 (Groundball, 6MD, EV 93.1 MPH)
|
| Top of the 4th over - 1 run, 2 hits, 0 errors, 2 left on base; Baltimore 1 - Milwaukee 3 |
| BOTTOM OF THE 4TH |
|
Milwaukee Brewers batting - Pitching for Baltimore Orioles : RHP Kyle Monroe
|
|
Batting: LHB Al Oliver
|
0-0: Called Strike 0-1: Ground out 4-3 (Groundball, 4D, EV 99.4 MPH)
|
|
Batting: RHB Steve Sax
|
0-0: Called Strike 0-1: Called Strike 0-2: Ground out 6-3 (Groundball, 6, EV 89.4 MPH)
|
|
Batting: RHB Kevin Buckley
|
0-0: Ball 1-0: Foul Ball, location: 2F 1-1: Foul Ball, location: 2F 1-2: Fly out, F8 (Flyball, 8RS, EV 91.3 MPH)
|
| Bottom of the 4th over - 0 runs, 0 hits, 0 errors, 0 left on base; Baltimore 1 - Milwaukee 3 |
| TOP OF THE 5TH |
|
Baltimore Orioles batting - Pitching for Milwaukee Brewers : LHP Tom Underwood
|
|
Batting: RHB Dennis Werth
|
0-0: Foul Ball, location: 2F 0-1: SINGLE (Groundball, 6MD, EV 101.9 MPH)
|
|
Batting: RHB Marty G Barrett
|
0-0: Ball Dennis Werth steals 2nd base 1-0: Swinging Strike 1-1: Foul Ball, location: 2F 1-2: Ball 2-2: Foul Ball, location: 2F 2-2: Strikes out swinging
|
|
Batting: SHB Willie McGee
|
0-0: Swinging Strike 0-1: Ground out U3 (Groundball, 3L, EV 80.0 MPH) Dennis Werth to third
|
|
Batting: SHB Johnny Ray
|
0-0: Fly out, F7 (Line Drive, 7, EV 88.8 MPH)
|
| Top of the 5th over - 0 runs, 1 hit, 0 errors, 1 left on base; Baltimore 1 - Milwaukee 3 |
| BOTTOM OF THE 5TH |
|
Milwaukee Brewers batting - Pitching for Baltimore Orioles : RHP Kyle Monroe
|
|
Batting: RHB Ken Landreaux
|
0-0: Ball 1-0: SINGLE (Groundball, 56D, EV 105.6 MPH)
|
|
Batting: SHB Alfredo Griffin
|
0-0: Called Strike 0-1: Called Strike Ken Landreaux steals 2nd base 0-2: Ball 1-2: Ball 2-2: Foul Ball, location: 2F 2-2: Foul Ball, location: 2F 2-2: Ground out 4-3 (Groundball, 4, EV 91.9 MPH) Ken Landreaux to third
|
|
Batting: LHB Von Hayes
|
0-0: Foul Ball, location: 2F 0-1: Ball 1-1: Ball 2-1: Fly out, F8 (Flyball, 89D, EV 98.8 MPH) Runner from 3rd tags up, SCORES, no throw by CF
|
|
Batting: SHB Eddie Murray
|
0-0: Called Strike 0-1: Ball 1-1: Ball 2-1: Called Strike 2-2: SINGLE (Line Drive, 56, EV 98.8 MPH)
|
|
Batting: RHB Eric Davis
|
0-0: Called Strike 0-1: Foul Ball, location: 2F 0-2: Ball 1-2: Ball 2-2: Ball 3-2: Foul Ball, location: 2F 3-2: Ground out 1-3 (Groundball, 13S, EV 68.8 MPH)
|
| Bottom of the 5th over - 1 run, 2 hits, 0 errors, 1 left on base; Baltimore 1 - Milwaukee 4 |
| TOP OF THE 6TH |
|
Baltimore Orioles batting - Pitching for Milwaukee Brewers : LHP Tom Underwood
|
|
Batting: SHB Steve R Ontiveros
|
0-0: Ball 1-0: Foul Ball, location: 2F 1-1: Ball 2-1: Ball 3-1: Called Strike 3-2: Ground out 4-3 (Groundball, 4, EV 81.3 MPH)
|
|
Batting: RHB Dwight Evans
|
0-0: Swinging Strike 0-1: Foul Ball, location: 2F 0-2: Strikes out swinging
|
|
Batting: SHB Mike Hart
|
0-0: Foul Ball, location: 2F 0-1: Called Strike 0-2: Strikes out looking
|
| Top of the 6th over - 0 runs, 0 hits, 0 errors, 0 left on base; Baltimore 1 - Milwaukee 4 |
| BOTTOM OF THE 6TH |
|
Milwaukee Brewers batting - Pitching for Baltimore Orioles : RHP Kyle Monroe
|
|
Batting: RHB Mike Schmidt
|
0-0: Called Strike 0-1: Ball 1-1: Foul Ball, location: 2F 1-2: Ball 2-2: Foul Ball, location: 2F 2-2: Foul Ball, location: 2F 2-2: Fly out, F9 (Flyball, 9S, EV 90.6 MPH)
|
|
Batting: LHB Al Oliver
|
0-0: Reached on error, E1 (Groundball, 15S, EV 72.5 MPH)
|
|
Batting: RHB Steve Sax
|
0-0: Hit by Pitch
|
|
Batting: RHB Kevin Buckley
|
0-0: Ball 1-0: SINGLE (Line Drive, 9S, EV 103.1 MPH) Al Oliver to third Steve Sax to second Runner from 3rd tries for Home, SAFE, throw by RF to home
|
|
Pitching: RHP John Howell
|
|
|
Batting: RHB Ken Landreaux
|
0-0: SINGLE (Line Drive, 78M, EV 104.4 MPH) Steve Sax to third Kevin Buckley to second Runner from 3rd tries for Home, throw by LF and OUT! 7-2 Kevin Buckley to third Ken Landreaux to second
|
|
Batting: SHB Alfredo Griffin
|
0-0: Ball 1-0: Ball 2-0: Swinging Strike 2-1: Ground out 6-3 (Groundball, 6D, EV 100.6 MPH)
|
| Bottom of the 6th over - 1 run, 2 hits, 1 error, 2 left on base; Baltimore 1 - Milwaukee 5 |
| TOP OF THE 7TH |
|
Baltimore Orioles batting - Pitching for Milwaukee Brewers : LHP Tom Underwood
|
|
Batting: RHB Matt Rice
|
0-0: Ball 1-0: Called Strike 1-1: Ground out 6-3 (Groundball, 6, EV 101.3 MPH)
|
|
Batting: RHB Mark Brouhard
|
0-0: Called Strike 0-1: Foul Ball, location: 2F 0-2: Fly out, F3 (Popup, 3DF, EV 71.3 MPH)
|
|
Batting: RHB Dennis Werth
|
0-0: Called Strike 0-1: Ground out 2-3 (Groundball, 15S, EV 65.6 MPH)
|
| Top of the 7th over - 0 runs, 0 hits, 0 errors, 0 left on base; Baltimore 1 - Milwaukee 5 |
| BOTTOM OF THE 7TH |
|
Milwaukee Brewers batting - Pitching for Baltimore Orioles : RHP John Howell
|
|
Batting: LHB Von Hayes
|
0-0: Ball 1-0: Ground out 6-3 (Groundball, 56, EV 78.8 MPH)
|
|
Batting: SHB Eddie Murray
|
0-0: Ground out 6-3 (Groundball, 6M, EV 78.1 MPH)
|
|
Batting: RHB Eric Davis
|
0-0: Called Strike 0-1: Foul Ball, location: 2F 0-2: Ball 1-2: Foul Ball, location: 2F 1-2: Foul Ball, location: 2F 1-2: Strikes out swinging
|
| Bottom of the 7th over - 0 runs, 0 hits, 0 errors, 0 left on base; Baltimore 1 - Milwaukee 5 |
| TOP OF THE 8TH |
|
Baltimore Orioles batting - Pitching for Milwaukee Brewers : LHP Tom Underwood
|
|
Batting: RHB Marty G Barrett
|
0-0: Ball 1-0: Ground out 4-3 (Groundball, 4M, EV 79.4 MPH)
|
|
Batting: SHB Willie McGee
|
0-0: Ball 1-0: Ground out 6-3 (Groundball, 6, EV 105.0 MPH)
|
|
Batting: SHB Johnny Ray
|
0-0: Ball 1-0: Ball 2-0: Ball 3-0: Called Strike 3-1: Ground out 5-3 (Groundball, 56S, EV 69.4 MPH)
|
| Top of the 8th over - 0 runs, 0 hits, 0 errors, 0 left on base; Baltimore 1 - Milwaukee 5 |
| BOTTOM OF THE 8TH |
|
Milwaukee Brewers batting - Pitching for Baltimore Orioles : RHP John Howell
|
|
Batting: RHB Mike Schmidt
|
0-0: Ball 1-0: Swinging Strike 1-1: Ball 2-1: SOLO HOME RUN (Flyball, 9LD, EV 91.3 MPH), Distance : 355 ft
|
|
Batting: LHB Al Oliver
|
0-0: Fly out, F5 (Popup, 5SF, EV 71.3 MPH)
|
|
Batting: RHB Steve Sax
|
0-0: Called Strike 0-1: Foul Ball, location: 2F 0-2: Ball 1-2: Foul Ball, location: 2F 1-2: Foul Ball, location: 2F 1-2: Ball 2-2: Ball 3-2: Fly out, F6 (Flyball, 5D, EV 91.9 MPH)
|
|
Batting: RHB Kevin Buckley
|
0-0: Ball 1-0: Ball 2-0: Ball 3-0: Called Strike 3-1: Base on Balls
|
|
Batting: RHB Ken Landreaux
|
0-0: Ball Kevin Buckley steals 2nd base 1-0: Swinging Strike 1-1: Ball 2-1: Ball 3-1: DOUBLE (Line Drive, 9LD, EV 104.4 MPH) Kevin Buckley scores
|
|
Batting: SHB Alfredo Griffin
|
0-0: Ball 1-0: Reached on error, E4 (Groundball, 4S, EV 86.9 MPH) Ken Landreaux scores
|
|
Batting: LHB Von Hayes
|
0-0: Called Strike 0-1: Ball 1-1: Called Strike 1-2: Ball 2-2: Foul Ball, location: 2F 2-2: SINGLE (Groundball, 4MS, EV 68.8 MPH) (infield hit) Alfredo Griffin to third
|
|
Pinch Hitting: RHB Dave Huppert
|
0-0: Foul Ball, location: 2F 0-1: Ball 1-1: Fly out, F9 (Flyball, 9D, EV 85.6 MPH)
|
| Bottom of the 8th over - 3 runs, 3 hits, 1 error, 2 left on base; Baltimore 1 - Milwaukee 8 |
| TOP OF THE 9TH |
|
Baltimore Orioles batting - Pitching for Milwaukee Brewers : LHP Tom Underwood
|
|
Now at C: Dave Huppert
|
|
|
Batting: SHB Steve R Ontiveros
|
0-0: Ground out 5-3 (Groundball, 56, EV 100.6 MPH)
|
|
Batting: RHB Dwight Evans
|
0-0: Called Strike 0-1: Foul Ball, location: 2F 0-2: SOLO HOME RUN (Flyball, 9D, EV 99.4 MPH), Distance : 378 ft
|
|
Batting: SHB Mike Hart
|
0-0: Ball 1-0: Swinging Strike 1-1: Ball 2-1: SINGLE (Groundball, 56S, EV 63.8 MPH) (infield hit)
|
|
Batting: RHB Matt Rice
|
0-0: Called Strike 0-1: DOUBLE (Flyball, 89D, EV 106.9 MPH) Mike Hart to third
|
|
Batting: RHB Mark Brouhard
|
0-0: Ball 1-0: Ball 2-0: Ball 3-0: Called Strike 3-1: Ground out U3 (Groundball, 34S, EV 86.9 MPH) Mike Hart scores Matt Rice to third
|
|
Batting: RHB Dennis Werth
|
0-0: Ball 1-0: Foul Ball, location: 2F 1-1: Ball 2-1: Ball 3-1: Fly out, F8 (Flyball, 8RS, EV 86.9 MPH)
|
| Top of the 9th over - 2 runs, 3 hits, 0 errors, 1 left on base; Baltimore 3 - Milwaukee 8 |
|